Map: Hardwire LE

Players

Zealot - Winner!

  • Race: Terran Terran

Rocky

  • Race: Zerg Zerg
  • League: Silver

VOD

Have the link to the VOD?

Description

Time

  • Played on: Jan. 22, 2022, 6:13 a.m.
  • Length: 47:54
Show
View Real Time Build Order
Export as new Build Order

Zealot Terran - Winner!

Build Orders:  

Get SALT Encoding   

  12  0:00  SCV  
  13  0:18  Supply Depot, SCV  
  14  0:30  SCV  
  15  0:41  Barracks  
  15  0:43  SCV  
  16  0:55  SCV  
  17  1:07  SCV  
  18  1:19  SCV  
  18  1:21  Refinery  
  18  1:22  Refinery  
  19  1:29  Supply Depot  
  19  1:31  SCV  
  20  1:42  Command Center  
  20  1:45  SCV  
  21  1:58  SCV  
  22  2:10  SCV  
  23  2:16  Factory  
  23  2:22  SCV  
  24  2:26  Supply Depot  
  24  2:34  SCV  
  25  2:46  SCV  
  26  2:55  Orbital Command  
  27  3:00  Factory Tech Lab  
  27  3:04  Orbital Command  
  26  3:15  Starport  
  26  3:19  Siege Tank  
  29  3:24  SCV  
  30  3:36  SCV  
  30  3:38  SCV  
  32  3:48  SCV  
  32  3:50  SCV  
  34  4:01  SCV  
  35  4:03  SCV  
  35  4:05  Viking  
  38  4:13  SCV  
  38  4:15  SCV  
  38  4:16  Siege Tank  
  43  4:25  SCV  
  43  4:27  Supply Depot x2  
  43  4:28  Supply Depot, SCV  
  46  4:40  SCV, Orbital Command  
  46  4:48  Siege Tank  
  49  5:04  Refinery  
  49  5:05  Refinery  
  49  5:10  Command Center  
  49  5:20  Siege Tank  
  52  5:23  SCV x2  
  54  5:35  SCV x2  
  56  5:38  Engineering Bay  
  56  5:47  SCV x2  
  58  5:52  Siege Tank  
  61  5:58  Armory  
  61  5:59  SCV x2  
  61  6:00  Armory  
  63  6:11  SCV  
  63  6:17  Missile Turret  
  64  6:29  Starport Reactor  
  64  6:35  Starport  
  64  6:39  Fusion Core, Orbital Command  
  64  7:02  Sensor Tower x2  
  64  7:09  Starport  
  64  7:18  Orbital Command  
  64  7:24  Starport Reactor  
  64  7:25  Liberator x2  
  70  7:34  Terran Ship Weapons Level 1  
  70  7:35  Terran Vehicle And Ship Armor Level 1  
  70  7:42  Refinery  
  70  7:45  Refinery  
  70  7:54  Command Center  
  70  7:55  Advanced Ballistics  
  70  7:59  SCV x3  
  73  8:06  Starport Reactor  
  73  8:08  Liberator  
  73  8:11  SCV x2  
  73  8:12  Liberator  
  81  8:16  Liberator  
  84  8:33  Command Center  
  84  8:34  Command Center  
  84  8:35  Command Center  
  84  8:38  Liberator  
  87  8:45  Supply Depot x2  
  87  8:47  Supply Depot, Command Center  
  87  8:48  Supply Depot  
  86  8:50  Liberator  
  86  8:51  Liberator  
  86  8:54  Missile Turret  
  91  8:56  Missile Turret  
  91  9:03  Liberator  
  87  9:11  Liberator  
  87  9:13  Liberator  
  78  9:37  Liberator x2  
  84  9:53  Missile Turret  
  84  9:57  Orbital Command  
  84  9:58  Missile Turret  
  84  10:01  Planetary Fortress  
  84  10:02  Planetary Fortress  
  84  10:09  SCV x3  
  84  10:13  Liberator x2  
  94  10:21  SCV x2, Missile Turret  
  94  10:22  Missile Turret x2  
  95  10:28  Liberator  
  95  10:32  Missile Turret  
  95  10:35  Refinery  
  98  10:36  Refinery  
  98  10:43  Terran Ship Weapons Level 2  
  98  10:46  Terran Vehicle And Ship Armor Level 2  
  98  10:53  Command Center  
  98  11:03  SCV x3  
  98  11:04  SCV  
  102  11:07  Planetary Fortress  
  102  11:15  SCV x3  
  102  11:16  SCV  
  106  11:20  Liberator x3  
  106  11:21  Command Center  
  106  11:23  Liberator  
  118  11:34  Supply Depot x2  
  118  11:38  Liberator x2  
  124  11:50  Hi-Sec Auto Tracking  
  124  12:04  Missile Turret  
  124  12:05  Missile Turret  
  124  12:06  Missile Turret  
  124  12:07  Liberator x2  
  124  12:47  Neosteel Armor  
  124  12:50  Planetary Fortress  
  124  12:51  Planetary Fortress  
  124  12:59  Liberator  
  124  13:00  Liberator x4  
  124  13:01  Liberator  
  142  13:15  Command Center  
  142  13:16  Command Center  
  142  13:18  Command Center  
  142  13:23  Command Center  
  142  13:33  Siege Tank  
  142  13:34  Command Center  
  145  14:16  Liberator x2  
  145  14:17  Liberator x4  
  163  14:30  Orbital Command x2  
  163  14:38  Orbital Command  
  163  14:39  Orbital Command  
  163  14:45  Orbital Command  
  163  14:48  Terran Ship Weapons Level 3  
  163  14:49  Terran Vehicle And Ship Armor Level 3  
  163  14:57  Missile Turret  
  163  14:59  Missile Turret, Liberator x3  
  169  15:05  Missile Turret x2  
  172  15:08  Missile Turret  
  172  15:09  Missile Turret  
  172  15:28  Liberator x3  
  181  15:42  Liberator x3  
  188  16:06  Siege Tank  
  191  16:11  Liberator x3  
  200  16:19  Orbital Command  
  200  16:24  Command Center  
  200  16:27  Command Center x2  
  200  16:30  Command Center  
  200  16:34  Command Center  
  200  16:59  Refinery x2, Missile Turret  
  200  17:25  Terran Vehicle Weapons Level 1  
  200  17:40  Planetary Fortress x2  
  200  17:41  Planetary Fortress  
  200  17:42  Planetary Fortress  
  200  17:48  Planetary Fortress  
  200  18:22  Orbital Command  
  200  18:30  Orbital Command  
  200  18:32  Orbital Command  
  200  18:33  Orbital Command  
  200  18:41  Factory  
  200  18:42  Factory  
  200  18:46  Factory  
  200  18:47  Factory  
  200  19:19  Terran Vehicle Weapons Level 2  
  200  19:57  Command Center  
  200  19:58  Command Center x2  
  200  19:59  Command Center  
  200  20:01  Refinery  
  200  20:02  Refinery  
  200  20:06  Command Center  
  200  20:37  Missile Turret  
  200  20:41  Command Center x2  
  200  20:42  Command Center  
  200  21:02  Factory  
  200  21:03  Factory  
  200  21:04  Factory  
  200  21:05  Factory  
  200  21:06  Factory Tech Lab x4  
  190  21:29  Planetary Fortress  
  190  21:30  Orbital Command  
  190  21:31  Planetary Fortress  
  190  21:32  Planetary Fortress x2  
  190  21:46  Terran Vehicle Weapons Level 3  
  190  22:08  Planetary Fortress  
  190  22:09  Planetary Fortress  
  190  22:30  Planetary Fortress  
  190  22:33  Missile Turret  
  190  22:43  Factory Tech Lab x2  
  190  22:44  Factory Tech Lab x2  
  190  23:00  Siege Tank x3  
  199  23:15  Barracks  
  199  25:16  Command Center  
  199  25:17  Command Center  
  199  25:18  Command Center  
  199  25:21  Command Center  
  199  25:22  Command Center  
  199  25:36  Command Center  
  199  25:37  Command Center  
  199  25:49  Missile Turret  
  199  26:07  Refinery  
  199  26:09  Refinery  
  199  26:31  Planetary Fortress x2  
  199  26:32  Planetary Fortress  
  199  26:34  Planetary Fortress  
  199  26:35  Planetary Fortress  
  199  26:48  Planetary Fortress  
  199  26:51  Orbital Command  
  190  27:57  Siege Tank x4  
  193  28:35  Command Center  
  193  28:37  Command Center, Siege Tank x2  
  193  28:38  Command Center  
  193  28:39  Command Center  
  199  28:42  Command Center  
  199  28:46  Command Center  
  115  29:19  Siege Tank x6  
  115  29:20  Siege Tank x3  
  130  29:40  Missile Turret  
  130  29:50  Planetary Fortress  
  130  29:51  Refinery x2, Siege Tank x6  
  130  29:52  Siege Tank x3  
  157  29:53  Planetary Fortress x2  
  157  29:56  Orbital Command  
  157  30:03  Planetary Fortress  
  157  30:09  Missile Turret x2  
  157  30:13  Planetary Fortress  
  157  30:23  Siege Tank x6  
  157  30:24  Siege Tank x3  
  184  30:30  Missile Turret x3  
  184  30:34  Missile Turret  
  184  30:37  Missile Turret  
  184  30:39  Missile Turret  
  184  30:40  Missile Turret  
  184  30:42  Missile Turret  
  184  30:50  Missile Turret  
  184  30:53  Missile Turret x2  
  184  30:55  Siege Tank x5  
  199  30:57  Missile Turret  
  199  31:01  Missile Turret  
  199  31:04  Missile Turret  
  199  31:07  Missile Turret  
  199  31:18  Missile Turret  
  199  31:24  Missile Turret  
  199  31:39  Missile Turret  
  199  31:46  Missile Turret  
  199  31:58  Missile Turret  
  198  32:05  Missile Turret  
  198  32:25  Missile Turret  
  198  32:30  Missile Turret x2  
  198  32:32  Missile Turret  
  197  32:45  Missile Turret  
  197  32:46  Missile Turret  
  197  32:51  Missile Turret x2  
  197  32:53  Missile Turret  
  197  32:58  Siege Tank  
  200  33:08  Missile Turret  
  200  33:10  Missile Turret  
  200  33:11  Missile Turret  
  200  33:12  Missile Turret  
  200  33:14  Missile Turret  
  200  33:28  Missile Turret  
  200  33:31  Missile Turret  
  200  33:32  Missile Turret  
  200  33:33  Missile Turret  
  200  33:47  Missile Turret  
  200  33:54  Command Center  
  200  33:57  Refinery, Command Center  
  200  33:58  Command Center  
  200  34:00  Refinery, Missile Turret  
  200  34:11  Missile Turret  
  200  34:32  Missile Turret  
  200  34:52  Missile Turret  
  194  35:08  Missile Turret  
  194  35:10  Thor  
  194  35:12  Missile Turret  
  200  35:15  Missile Turret  
  194  35:43  Thor  
  197  35:56  Thor x2  
  197  36:10  Planetary Fortress x3  
  188  36:17  Thor x2  
  191  36:38  Thor x2  
  191  36:57  Thor  
  191  37:00  Thor  
  200  37:02  Thor  
  197  37:21  Thor  
  188  37:52  Thor x2  
  185  38:26  Thor  
  185  38:27  Thor x2  
  188  38:48  Thor x2  
  188  38:53  Thor  
  191  39:14  Thor x2  
  194  39:27  Thor  
  194  39:49  Thor  
  194  40:52  Thor  
  195  41:19  Thor  
  198  41:36  Missile Turret  
  198  41:42  Missile Turret x2  
  198  41:44  Missile Turret  
  198  41:45  Missile Turret  
  198  41:47  Missile Turret x2  
  198  41:57  Missile Turret  
  198  42:00  Missile Turret  
  198  42:01  Missile Turret  
  198  42:05  Missile Turret  
  198  42:06  Missile Turret  
  198  42:07  Missile Turret  
  198  42:13  Missile Turret  
  198  42:18  Missile Turret  
  198  42:19  Missile Turret  
  198  42:22  Missile Turret  
  197  42:29  Missile Turret  
  193  42:31  Missile Turret  
  193  42:32  Missile Turret  
  193  42:34  Missile Turret  
  189  42:39  Missile Turret  
  189  42:41  Missile Turret  
  189  42:47  Thor x2  
  198  43:12  Thor  
  196  43:28  Thor  
  200  44:08  Starport Tech Lab  
  200  44:26  Orbital Command  
  183  45:14  Thor x2  
  183  45:17  Thor  
  386  45:50  Orbital Command  
  199  47:05  Raven  
Show
View Real Time Build Order
Export as new Build Order

Rocky Zerg 

Build Orders: Pool First 

Get SALT Encoding   

  12  0:10  Overlord  
  12  0:14  Drone  
  13  0:21  Drone  
  14  0:28  Drone  
  14  0:34  Drone  
  16  0:44  Drone  
  16  0:49  Spawning Pool  
  16  0:52  Extractor  
  16  0:54  Drone  
  16  1:04  Drone  
  17  1:20  Drone  
  18  1:35  Hatchery  
  18  1:36  Drone  
  18  1:38  Queen  
  20  1:42  Drone  
  21  1:56  Drone  
  21  1:57  Extractor  
  21  2:06  Drone  
  22  2:14  Overlord  
  22  2:32  Zergling x4  
  24  2:40  Lair  
  24  2:45  Drone  
  25  2:54  Drone  
  26  2:58  Drone  
  27  3:13  Extractor  
  27  3:17  Drone x2  
  28  4:02  Drone x3  
  29  4:19  Drone  
  29  4:20  Drone x6  
  36  4:27  Extractor  
  36  4:28  Overlord, Drone  
  36  4:58  Burrow  
  36  5:05  Baneling Nest  
  36  5:06  Overlord x3  
  36  5:07  Overlord x2  
  35  5:55  Infestation Pit  
  34  6:03  Evolution Chamber  
  33  6:08  Queen  
  35  6:29  Spire  
  35  6:30  Zerg Missile Weapons Level 1  
  34  6:33  Hive, Neural Parasite  
  34  6:38  Zergling x4  
  34  6:39  Zergling x20  
  46  7:02  Baneling x12  
  46  7:03  Baneling x12  
  46  7:47  Viper  
  46  7:49  Mutalisk x11  
  71  7:57  Zerg Flyer Weapons Level 1  
  71  8:21  Hatchery  
  45  9:40  Viper  
  45  9:42  Corruptor x5  
  58  9:54  Ultralisk Cavern  
  58  9:55  Zerg Flyer Weapons Level 2  
  57  10:00  Zerg Missile Weapons Level 2  
  57  10:20  Hydralisk Den  
  56  11:23  Hydralisk x4  
  56  11:24  Hydralisk x2  
  68  11:34  Hydralisk x6  
  80  12:11  Zerg Flyer Armor Level 1  
  80  12:17  Zerg Ground Armor Level 1  
  43  12:49  Hydralisk  
  43  12:50  Hydralisk x5  
  55  13:05  Queen  
  55  13:08  Drone  
  55  13:09  Drone x2  
  60  13:39  Hydralisk  
  60  13:40  Hydralisk x10  
  82  13:46  Overlord x2  
  82  14:25  Drone  
  82  14:26  Drone x2  
  82  14:29  Hydralisk  
  82  14:30  Hydralisk x5  
  97  14:34  Overlord x4  
  97  15:12  Hydralisk  
  97  15:13  Hydralisk x6  
  111  15:27  Zerg Missile Weapons Level 3  
  111  15:36  Grooved Spines  
  111  15:47  Viper  
  114  15:55  Hydralisk x3  
  114  15:56  Hydralisk  
  122  16:17  Hydralisk  
  122  16:18  Hydralisk x2  
  124  16:20  Hydralisk  
  130  16:47  Muscular Augments  
  130  17:36  Adrenal Glands  
  130  17:43  Overlord x3  
  130  17:44  Overlord x2  
  130  18:03  Zerg Ground Armor Level 2  
  130  18:18  Zergling x18  
  139  18:32  Centrifugal Hooks  
  139  19:01  Ultralisk x2  
  151  19:06  Chitinous Plating  
  151  19:08  Metabolic Boost  
  140  20:20  Zerg Melee Weapons Level 1  
  140  20:33  Zergling x4  
  140  20:34  Zergling x12  
  40  21:51  Extractor  
  39  21:57  Extractor  
  38  22:11  Hatchery  
  38  22:15  Extractor  
  36  22:18  Extractor  
  35  22:33  Baneling x24  
  19  24:23  Corruptor  
  19  24:24  Corruptor  
  21  24:28  Overlord x6  
  21  25:06  Corruptor  
  21  25:07  Corruptor x4  
  29  26:36  Overlord x2  
  29  26:37  Overlord  
  29  27:01  Viper  
  29  27:02  Viper  
  27  30:15  Mutalisk  
  27  30:16  Mutalisk x8  
  27  30:20  Queen  
  47  30:29  Overlord  
  47  30:34  Overlord  
  47  30:47  Queen x2  
  49  31:18  Viper  
  49  31:19  Viper x2  
  49  31:22  Corruptor x3  
  64  31:26  Overlord x3  
  64  31:38  Overlord  
  48  32:57  Spire  
  47  33:00  Greater Spire  
  48  33:15  Spore Crawler  
  47  33:23  Corruptor x2  
  47  33:24  Corruptor x8  
  67  33:30  Drone  
  68  34:07  Drone  
  68  34:08  Drone x2  
  71  34:19  Brood Lord  
  71  34:20  Brood Lord  
  55  35:06  Brood Lord x2  
  55  35:48  Drone  
  55  35:49  Drone  
  56  37:55  Spawning Pool  
  55  39:49  Lair  
  34  40:55  Drone  
Tags
 
League
Silver
Matchup
TvZ
Opening
Pool First
Add a new tag
Caveats
  • Supply blocks, unpowered buildings, or Contaminate may cause inaccurate times.
  • Supply counts are checked every 10 seconds.